 Dungeon Crawl Stone Soup version 0.27.0-1-g7a089689b8 (webtiles) character file.

Game seed: 16839684783911781036

47 inmateoo the Ducker (level 3, 0/18 HPs)
             Began as a Spriggan Transmuter on Aug 12, 2021.
             Killed from afar by an orc wizard (7 damage)
             ... with a magic dart
             ... on level 4 of the Dungeon.
             The game lasted 00:06:12 (4336 turns).

inmateoo the Ducker (Spriggan Transmuter)           Turns: 4336, Time: 00:06:13

Health: 0/18       AC:  2    Str:  6    XL:     3   Next: 48%
Magic:  8/8        EV: 17    Int: 14    God:
Gold:   18         SH:  0    Dex: 16    Spells: 3/8 levels left

rFire    . . .     SeeInvis +   b - +1 short sword
rCold    . . .     Faith    .   (shield restricted)
rNeg     . . .     Spirit   .   a - +0 robe
rPois    .         Reflect  .   (helmet restricted)
rElec    .         Harm     .   (no cloak)
rCorr    .         Rampage  .   (gloves unavailable)
Will     .....                  (boots unavailable)
Stlth    +.........             (no amulet)
HPRegen  0.06/turn              (no ring)
MPRegen  0.11/turn              (no ring)

@: confused, very quick
A: very small, no large weapons, unfitting armour, see invisible, speed 3
a: no special abilities


You were on level 4 of the Dungeon.
You visited 1 branch of the dungeon, and saw 4 of its levels.

You collected 18 gold pieces.

Inventory:

Hand Weapons
 b - a +1 short sword (weapon)
 e - a +0 dagger
Missiles
 c - 30 stones (quivered)
Armour
 a - a +0 robe (worn)
Potions
 d - a potion of curing {unknown}


   Skills:
 - Level 1.1 Fighting
 - Level 1.1 Short Blades
 - Level 3.1 Dodging
 - Level 1.5 Stealth
 - Level 2.4 Unarmed Combat
 - Level 3.1 Spellcasting
 + Level 0.9 Hexes
 - Level 3.0 Transmutations
 + Level 0.5 Ice Magic


You had 3 spell levels left.
You knew the following spells:

 Your Spells              Type           Power      Damage    Failure   Level
a - Beastly Appendage     Tmut           20%        N/A       6%          1
b - Wereblood             Tmut           10%        N/A       10%         2
c - Ensorcelled Hibernat  Hex/Ice        8%         N/A       24%         2

Your spell library contained the following spells:

 Spells                   Type           Power      Damage    Failure   Level
 Spider Form              Tmut/Pois      3%         N/A       34%         3
 Ice Form                 Ice/Tmut       7%         N/A       71%         4
 Shadow Creatures         Summ           N/A        N/A       100%        6


Dungeon Overview and Level Annotations

Branches:
Dungeon (5/15)
 Temple: D:4-7

Altars:
Kikubaaqudgha

Shops:
D:1 [


Innate Abilities, Weirdness & Mutations

You are very small and have problems with some larger weapons.
You are too small for most types of armour.
You have supernaturally acute eyesight. (SInv)
You cover ground extremely quickly. (Speed+++)


Message History

The orc hits you with a +0 dagger.
You barely miss the orc.
The orc is heavily wounded.
The orc barely misses you.
You hit the orc but do no damage.
The orc is heavily wounded.
The orc hits you with a +0 dagger.
You are too injured to fight recklessly!
You hit the orc.
The orc is almost dead.
The orc closely misses you.
You are too injured to fight recklessly!
You closely miss the orc.
The orc is almost dead.
The orc hits you but does no damage.
You barely miss the orc.
The orc is almost dead.
The orc hits you but does no damage.
You barely miss the orc.
The orc is almost dead.
The orc barely misses you.
You closely miss the orc.
The orc is almost dead.
The orc hits you but does no damage.
You hit the orc.
You kill the orc!
The orc wizard casts a spell at you.
You are confused.
Things that are here:
a +0 dagger; 31 stones Unknown command.
You bump into the rock wall.
You bump into the rock wall.
The orc wizard completely misses you.
You're too confused to move!
You bump into the rock wall.
The orc wizard casts a spell.
The orc wizard flickers and vanishes for a moment.
The orc wizard gestures at you while chanting.
The magic dart hits you!
You die...

#.# #......#.>.# #####>#.####
#.#############.###
#............#.................#
#.# .K........###########.#.# #.#
#.........# #.#.# #)# #.#######)#
#######.#.# #o# #o# #.o.....#.#
#o# #.# #.#######.# #.# #@# #.#
#.# #.# #.# #.# #.# #.# #.# #.#
#.# #o# #.# #.# #.# ..# ..# #.#
#.# ######################.# #.#
.......................# #.#
##############################.##
#########.............


You could see an orc wizard (invisible).

Vanquished Creatures
  3 orcs (D:4)
  5 ball pythons
  3 endoplasms
  3 giant cockroaches
  3 goblins
  4 hobgoblins (D:1)
  3 jackals (D:1)
  6 kobolds
  A quokka (D:1)
  2 bats (D:1)
  2 frilled lizards (D:1)
  2 rats
37 creatures vanquished.

Vanquished Creatures (others)
  3 plants (D:1)
  12 withered plants (D:1)
15 creatures vanquished.

Grand Total: 52 creatures vanquished

Notes
Turn   | Place    | Note
-------+----------+-------------------------------------------
     0 | D:1      | inmateoo the Spriggan Transmuter began the quest for the
                  | Orb.
     0 | D:1      | Reached XP level 1. HP: 9/9 MP: 5/5
   250 | D:1      | Found Valynick's Antique Armour Shoppe.
   806 | D:1      | Reached skill level 1 in Fighting
   806 | D:1      | Reached XP level 2. HP: 14/14 MP: 6/6
   832 | D:1      | Reached skill level 1 in Stealth
   910 | D:1      | Found a faded altar of an unknown god.
  1413 | D:2      | Learned a level 2 spell: Wereblood
  1427 | D:1      | Reached skill level 1 in Short Blades
  2197 | D:1      | Reached XP level 3. HP: 14/18 MP: 5/8
  2937 | D:2      | Learned a level 2 spell: Ensorcelled Hibernation
  3138 | D:2      | Found an ancient bone altar of Kikubaaqudgha.
  3138 | D:2      | You fall into a shaft and drop 2 floors!
  3299 | D:5      | Entered Level 5 of the Dungeon
  4336 | D:4      | Killed from afar by an orc wizard

Illustrated notes

Levels and vault maps discovered:
D:1:      minmay_arrival_stair_chambers, layout_loops_ring, serial_shops, shop,
          shapermc_ecumenical_altar_flowoftime, hangedman_decor_diamond_cutter
D:2:      layout_basic, basic_altar, chequers_big_river, kennysheep_nondescript,
          uniq_jessica
D:4:      layout_basic
D:5:      layout_basic, grunt_qazlal_clouds, okawaru_trees_2,
          minmay_temple_entry_glass, biasface_ghost_orc_armoury, uniq_eustachio

Skill      XL: |  1  2 |
---------------+-------+-----
Fighting       | 1 |  1.1
Stealth        | 1 |  1.5
Spellcasting   | 3 |  3.1
Dodging        | 3 |  3.1
Short Blades   | 1 |  1.1
Transmutations | 3 |  3.0
Unarmed Combat | |  2.4
Hexes          | |  0.9
Ice Magic      | |  0.5

Action                   || total
-------------------------++-------
Melee: Short sword       ||   175
       Unarmed           ||     1
       Headbutt          ||     1
       Kick              ||     6
       Punch             ||     2
Throw: Stone             ||     5
 Cast: Beastly Appendage ||     3
       Wereblood         ||     3
       Ensorcelled Hiber ||     1
  Use: Scroll            ||     4
 Stab: Sleeping          ||     3
Armor: Robe              ||    21
Dodge: Dodged            ||   130
